 Dungeon Crawl Stone Soup version 0.29.1-13-g9f3cf754e1 (webtiles) character file.

Game seed: 17908804169501527482

49 necKro23 the Trooper (level 3, -6/36 HPs)
             Began as a Gargoyle Berserker on Feb 9, 2023.
             Was a Follower of Trog.
             Mangled by a gnoll
             ... wielding a +0 halberd
              (14 damage)
             ... on level 3 of the Dungeon.
             The game lasted 00:02:20 (1225 turns).

necKro23 the Trooper (Gargoyle Berserker)           Turns: 1225, Time: 00:02:21

Health: -6/36      AC:  9    Str: 22    XL:     3   Next: 75%
Magic:  3/3        EV: 10    Int:  7    God:    Trog [*.....]
Gold:   86         SH:  0    Dex:  9    Spells: 2/2 levels left

rFire   . . .      SeeInvis .   a - +0 hand axe
rCold   . . .      Faith    .   (no shield)
rNeg    + . .      Spirit   .   f - +0 scale mail
rPois   ∞          Reflect  .   (no helmet)
rElec   +          Harm     .   (no cloak)
rCorr   .          Rampage  .   (no gloves)
Will    .....                   (no boots)
Stlth   ..........              (no amulet)
HPRegen 0.12/turn               (no ring)
MPRegen 0.08/turn               (no ring)

@: berserking (expiring), very quick
A: sickness immunity, AC +3, negative energy resistance 1, electricity
resistance, torment resistance 1, petrification resistance
a: Renounce Religion, Berserk


You were on level 3 of the Dungeon.
You worshipped Trog.
Trog was aware of your devotion.
You visited 1 branch of the dungeon, and saw 3 of its levels.

You collected 86 gold pieces.

Inventory:

Hand Weapons
 a - a +0 hand axe (weapon)
Armour
 f - a +0 scale mail (worn)
Scrolls
 b - 2 scrolls of identify {unknown}
 d - a scroll of enchant weapon {unknown}
 e - a scroll of teleportation {unknown}
Potions
 c - 2 potions of cancellation {unknown}


   Skills:
 + Level 3.7 Fighting
 * Level 3.3 Axes
 + Level 2.7 Armour
 + Level 2.0 Dodging


You had 2 spell levels left.
You didn't know any spells.
Your spell library contained the following spells:

 Spells                   Type           Power      Damage    Failure   Level
 Ensorcelled Hibernation  Hex/Ice        0%         N/A       88%         2
 Passwall                 Tmut/Erth      0%         N/A       88%         2
 Swiftness                Air            0%         N/A       98%         3


Dungeon Overview and Level Annotations

Branches:
Dungeon (3/15)

Altars:

Shops:
D:2 *


Innate Abilities, Weirdness & Mutations

You are immune to sickness and miasma.
Your stone body is resilient. (AC +3)
You are immune to poison.
You resist negative energy. (rN+)
You are resistant to electric shocks. (rElec)
You are resistant to unholy torment.
You are immune to petrification.


Message History

The gnoll shouts!
The gnoll hits you with a +0 flail.
A red film seems to cover your vision as you go berserk!
You feel yourself moving faster!
You feel mighty! The gnoll hits you but does no damage.
You barely miss the gnoll. You barely miss the gnoll.
The gnoll hits you with a +0 flail.
You slash the gnoll!
You kill the gnoll!
Trog accepts your kill. The gnoll hits you but does no damage.
The gnoll barely misses you.
Things that are here:
a +0 flail; a gnoll corpse You slash the gnoll!
The gnoll is severely wounded.
The gnoll hits you from afar with a +0 halberd.
The gnoll misses you.
You hit the gnoll.
The gnoll is almost dead.
The gnoll hits you with a +0 whip.
The gnoll hits you from afar with a +0 halberd.
You slash the gnoll!
You kill the gnoll!
Trog accepts your kill.
Your Dodging skill increases to level 2!
The gnoll closely misses you.
Things that are here:
a +0 whip; a gnoll corpse You closely miss the gnoll.
The gnoll hits you with a +0 halberd!
* * * LOW HITPOINT WARNING * * *
You barely miss the gnoll. The gnoll hits you but does no damage.
You barely miss the gnoll. The gnoll hits you but does no damage.
You closely miss the gnoll. You hit the gnoll.
The gnoll is heavily wounded.
The gnoll closely misses you.
You barely miss the gnoll.
The gnoll is heavily wounded.
The gnoll hits you with a +0 halberd!
You die...

#### #############...
# .<..............
##.########........##
#..g@)....'..........
#...########........##
..... #........# ####
#........# ########.#
#.# #.# #.# ######'##


You could see a gnoll.

Vanquished Creatures
  An adder (D:2)
  2 gnolls (D:3)
  A dart slug (D:2)
  A ball python (D:2)
  4 endoplasms
  A giant cockroach (D:2)
  A hobgoblin (D:3)
  2 jackals (D:2)
  A bat (D:2)
  3 frilled lizards
  2 rats
19 creatures vanquished.

Notes
Turn   | Place    | Note
-------+----------+-------------------------------------------
     0 | D:1      | necKro23 the Gargoyle Berserker began the quest for the
                  | Orb.
     0 | D:1      | Reached XP level 1. HP: 14/14 MP: 1/1
    17 | D:1      | You fall into a shaft and drop 1 floor!
    31 | D:2      | Found Porog's General Store.
   330 | D:2      | Reached XP level 2. HP: 15/19 MP: 2/2
   832 | D:2      | Found a faded altar of an unknown god.
  1014 | D:3      | Reached XP level 3. HP: 23/23 MP: 3/3
  1225 | D:3      | Mangled by a gnoll

Illustrated notes

Levels and vault maps discovered:
D:1:      minmay_arrival_hallway, layout_basic
D:2:      layout_rooms, chequers_ecumenical_altar_lobes, serial_shops,
          nicolae_shop_hallway_stairs
D:3:      layout_basic, nrook_campfire, pf_guarded_unrand_delatra

Skill      XL: |  1  2  3 |
---------------+----------+-----
Axes           | 3 |  3.3
Dodging        | 2 |  2.0
Fighting       | |  3.7
Armour         | |  2.7

Action                   || total
-------------------------++-------
Melee: Hand axe          ||    83
Invok: Berserk           ||     2
Armor: Animal skin       ||    16
       Scale mail        ||    21
Dodge: Dodged            ||    46
